 Dungeon Crawl Stone Soup version 0.31.0-11-ge490571c62 (webtiles) character file.

Game seed: 11562743932281596258

1472 olmar the Grappler (level 9, -3/59 HPs)
             Began as a Djinni Shapeshifter on Feb 4, 2024.
             Was an Initiate of Gozag.
             Slain by a gnoll sergeant
             ... wielding a +3 spear of freezing
              (7 damage)
             ... on level 6 of the Dungeon.
             The game lasted 00:11:01 (5261 turns).

olmar the Grappler (Djinni Shapeshifter)            Turns: 5261, Time: 00:11:01

Health: -3/59      AC:  2    Str: 17    XL:     9   Next: 6%
Gold:   405        EV: 13    Int: 13    God:    Gozag SH:  0 Dex: 12

rFire   + +          +
                       - Unarmed
rCold   x . .        (no shield)
rNeg    . . .        a - +0 animal skin
rPois   ∞            (helmet currently unavailable)
rElec   .            (cloak currently unavailable)
rCorr   .            (gloves currently unavailable)
SInv    .            (boots unavailable)
Will    .....        (no amulet)
Stlth   +            i - ring of protection from fire
HPRegen 0.29/turn    (no ring)
MPRegen 0.00/turn

%: infuse magic (-4 HP)
@: beast-form, gold aura, flying
A: beast (slay +2), flying, sickness immunity, fire resistance 2, cold
vulnerability 1, float, innate caster, HP casting, extra vitality 1
a: Begin Untransformation, Renounce Religion, Potion Petition, Call Merchant,
Bribe Branch


You were on level 6 of the Dungeon.
You worshipped Gozag.
Gozag was aware of your devotion.
You were a hulking beast.
You visited 1 branch of the dungeon, and saw 6 of its levels.

You collected 538 gold pieces.
You spent 90 gold pieces at shops.
You paid 43 gold pieces to Gozag.

Inventory:

Hand Weapons
 e - a +1 dagger of venom
 q - the +7 hammer of Premature Burial {spect, rElec rPois}
   (You found it on level 3 of the Dungeon)

   rElec:     It insulates you from electricity.
   rPois:     It protects you from poison
 r - the +5 hammer "Dyzxoila" {heavy, rPois Int+3}
   (You found it on level 3 of the Dungeon)

   Int+3:     It affects your intelligence (+3).
   rPois:     It protects you from poison
 s - the +2 hammer of Generosity {pain, *Noise rElec rF++ Dex+3}
   (You found it on level 3 of the Dungeon)

   Dex+3:     It affects your dexterity (+3).
   rF++:      It greatly protects you from fire.
   rElec:     It insulates you from electricity.
   *Noise:    It may make a loud noise when swung.
Missiles
 h - 10 poisoned darts (quivered)
 A - 4 boomerangs
Armour
 a - a +0 animal skin (worn)
 k - a +0 chain mail
 B - a +0 pair of gloves
Jewellery
 i - a ring of protection from fire (left hand)
 t - a ring of resist corrosion
Talismans
 c - a beast talisman
 d - a flux talisman
Wands
 o - a wand of flame (4)
 z - a wand of mindburst (15)
Scrolls
 b - 2 scrolls of fog {unknown}
 g - 2 scrolls of identify {unknown}
 j - 2 scrolls of vulnerability {unknown}
 l - 2 scrolls of poison {unknown}
 m - 2 scrolls of teleportation {unknown}
 n - 2 scrolls of enchant armour {unknown}
 p - a scroll of immolation {unknown}
 u - a scroll of noise {unknown}
 x - a scroll of enchant weapon {unknown}
 y - 2 scrolls of brand weapon {unknown}
Potions
 f - 4 potions of curing {unknown}
 v - a potion of brilliance
 w - a potion of ambrosia {unknown}


   Skills:
 + Level 2.8 Fighting
 + Level 5.4 Dodging
 - Level 0.4 Stealth
 + Level 8.1 Unarmed Combat
 - Level 0.5 Evocations
 * Level 4.8 Shapeshifting


You knew the following spells:

 Your Spells              Type           Power      Damage    Failure   Level
a - Foxfire               Conj/Fire      0%         2x1d4     30%         1
b - Lesser Beckoning      Tloc           0%         N/A       43%         2
c - Momentum Strike       Conj/Tloc      0%         3d8       43%         2
d - Confusing Touch       Hex            0%         N/A       67%         3
Your spell library was empty.

Dungeon Overview and Level Annotations

Branches:
Dungeon (6/15)             Temple (0/1) D:6

Altars:
Ashenzari
Gozag
Qazlal
Uskayaw
Wu Jian

Shops:
D:2 *   D:3 (!!

Annotations:
D:2 Sigmund
D:3 1 runed translucent door, Crazy Yiuf
D:6 3 runed translucent doors, SuperJoe's ghost, amateur SpBr


Innate Abilities, Weirdness & Mutations

You are a hulking beast.
Your limbs bulge with bestial killing power. (Slay +2)
You are flying.
You are immune to sickness and miasma.
You are immune to poison.
Your flesh is very heat resistant. (rF++)
You are vulnerable to cold. (rC-)
You float through the air rather than walking.
You learn spells naturally, not from books.
Your magical power is your life essence.
You have superior vitality. (+4 MHP)


Message History

You kill the hound!
Unknown command.
The gnoll sergeant closely misses you.
The gnoll shouts!
You punch the gnoll sergeant!
The gnoll sergeant is moderately wounded.
You hear a shout!
The gnoll sergeant misses you.
Unknown command.
You barely miss the gnoll sergeant. You punch the gnoll sergeant!
The gnoll sergeant is heavily wounded.
The gnoll sergeant hits you with a +3 spear of freezing!
The gnoll sergeant freezes you.
Unknown command.
Unknown command.
You hit the gnoll sergeant.
The gnoll sergeant is heavily wounded.
The gnoll sergeant hits you with a +3 spear of freezing.
The gnoll sergeant freezes you.
Unknown command.
You hit the gnoll sergeant but do no damage.
You punch the gnoll sergeant, but do no damage.
The gnoll sergeant is heavily wounded.
The gnoll sergeant closely misses you.
You barely miss the gnoll sergeant.
You punch the gnoll sergeant, but do no damage.
The gnoll sergeant is heavily wounded.
The gnoll sergeant hits you with a +3 spear of freezing!
The gnoll sergeant freezes you.
Unknown command.
The gnoll attacks as it pursues you! The gnoll hits you with a +0 flail!
* * * LOW HITPOINT WARNING * * *
The gnoll sergeant closely misses you.
There is a stone staircase leading up here.
The gnoll misses you.
The gnoll sergeant hits you from afar with a +3 spear of freezing!
* * * LOW HITPOINT WARNING * * *
The gnoll sergeant freezes you!
You die...
Your body crumbles into a pile of gold.

# ##..##..### #
##.........#### #
#.8##########.. #
#..#ooo.. #.... #
#..#oW##. #...# ##
#..#oo#8. #...###
.###..#o.##. #.....#
.. ... ..##..#o#...
#.....## ####.# ...
...#..+.#...
#..hg.#.###.... ...
......+.#.8.
#....g....##..###...
......+.#...
#..$#####...........
......#.#... #####
#........##
..#...#..##.
#..g.....#
......#..#8 ###
####.g.....g#
......#..##. ..##
#....#..g.....
..#...#.... #...
#....###....g.
..#..8#########..#
#..g.###......


You could see a gnoll sergeant and a gnoll.

Vanquished Creatures
  Grinder (D:3)
  Menkaure (D:4)
  A water moccasin (D:5)
  An ice beast (D:5)
  A black bear (D:5)
  An orc warrior (D:5)
  An ogre (D:5)
  2 phantoms
  A centaur (D:5)
  A bullfrog (D:6)
  A scorpion (D:5)
  A bombardier beetle (D:6)
  A jelly (D:6)
  3 hounds
  An orc priest (D:5)
  2 iguanas
  2 adders
  3 dart slugs
  3 ribbon worms
  5 orcs
  9 bats
  6 endoplasms
  3 giant cockroaches
  8 goblins
  4 hobgoblins
  9 jackals (D:2)
  7 quokkas
  8 ball pythons
  3 frilled lizards
  5 kobolds
  3 rats
98 creatures vanquished.

Vanquished Creatures (others)
  A foxfire (D:1)
1 creature vanquished.

Grand Total: 99 creatures vanquished

Notes
Turn   | Place    | Note
-------+----------+-------------------------------------------
     0 | D:1      | olmar the Djinni Shapeshifter began the quest for the Orb.
     0 | D:1      | Reached XP level 1. HP: 17/17 MP: 0/0
    85 | D:1      | Found a faded altar of an unknown god.
   168 | D:1      | Reached XP level 2. HP: 20/22 MP: 0/0
   273 | D:1      | Reached XP level 3. HP: 24/27 MP: 0/0
   273 | D:1      | Learned a level 1 spell: Foxfire
  1004 | D:2      | Reached XP level 4. HP: 30/32 MP: 0/0
  1056 | D:2      | Reached skill level 4 in Unarmed Combat
  1157 | D:2      | Noticed Sigmund
  1197 | D:2      | Found Sier's Assorted Antiques.
  1432 | D:3      | Identified the +2 hammer of Generosity {pain, *Noise rElec
                  | rF++ Dex+3}
  1435 | D:3      | Identified the +5 hammer "Dyzxoila" {heavy, rPois Int+3}
  1436 | D:3      | Identified the +7 hammer of Premature Burial {spect, rElec
                  | rPois}
  1535 | D:3      | Found Teos's Distillery.
  1541 | D:3      | Bought a potion of brilliance for 40 gold pieces
  1541 | D:3      | Bought a potion of heal wounds for 50 gold pieces
  1660 | D:3      | Found an opulent altar of Gozag.
  1733 | D:3      | Noticed Grinder
  1735 | D:3      | Paralysed by Grinder for 3 turns
  1756 | D:3      | Killed Grinder
  1757 | D:3      | Reached skill level 5 in Unarmed Combat
  1757 | D:3      | Reached XP level 5. HP: 11/37 MP: 0/0
  1757 | D:3      | Learned a level 2 spell: Lesser Beckoning
  1757 | D:3      | Reached XP level 6. HP: 13/42 MP: 0/0
  1833 | D:3      | Became a worshipper of Gozag Ym Sagoz the Greedy
  2033 | D:3      | Found Peneimn's Distillery.
  2204 | D:3      | Found an ornate altar of the Wu Jian Council.
  2239 | D:3      | Found Vyocivaa's Antique Weapon Emporium.
  2355 | D:3      | Found a runed translucent door.
  2356 | D:3      | Noticed Crazy Yiuf
  2595 | D:4      | Noticed Menkaure
  2599 | D:4      | Killed Menkaure
  2600 | D:4      | Reached XP level 7. HP: 48/48 MP: 0/0
  2600 | D:4      | Learned a level 2 spell: Momentum Strike
  3121 | D:5      | Entered Level 5 of the Dungeon
  3138 | D:5      | Reached skill level 6 in Unarmed Combat
  3352 | D:5      | Reached XP level 8. HP: 31/54 MP: 0/0
  3620 | D:5      | Reached skill level 7 in Unarmed Combat
  3758 | D:5      | Reached skill level 5 in Dodging
  3853 | D:5      | Found a hide-covered altar of Uskayaw.
  3966 | D:5      | Found a stormy altar of Qazlal.
  4006 | D:5      | Found a broken altar of Ashenzari.
  4473 | D:6      | Reached skill level 8 in Unarmed Combat
  4535 | D:6      | Found a runed translucent gate.
  4535 | D:6      | Found a runed translucent gate.
  4538 | D:6      | Found a runed translucent gate.
  4546 | D:6      | Noticed SuperJoe's ghost (amateur SpBr)
  4579 | D:6      | Found a staircase to the Ecumenical Temple.
  4626 | D:6      | Reached XP level 9. HP: 6/59 MP: 0/0
  4626 | D:6      | Learned a level 3 spell: Confusing Touch
  5261 | D:6      | Slain by a gnoll sergeant

Illustrated notes

Levels and vault maps discovered:
D:1:      psy_arrival_fountain, layout_loops_ring,
          nicolae_ecumenical_snake_handling, chequers_serial_rivers_small_3
D:2:      layout_loops_ring, basic_altar, serial_shops, shop,
          kennysheep_generic_room_4, uniq_sigmund, uniq_natasha
D:3:      layout_basic, lemuel_round_altar,
          mainiacjoe_overflow_concentric_impassable, serial_shops,
          nicolae_shop_industrial_runoff, shop, nicolae_shop_dealshenge,
          uniq_crazy_yiuf_cottage, uniq_grinder
D:4:      layout_basic, uniq_menkaure
D:5:      layout_loops_ring, mainiacjoe_overflow_paths,
          nicolae_qazlal_general_emergency, overflow_temple_1_default,
          mainiacjoe_overflow_brackets
D:6:      layout_cave_pools, nemelex_spade_bored_becter,
          minmay_temple_entry_offerings, serial_shops, nicolae_diamond_shop,
          biasface_ghost_orc_armoury, nicolae_titane

Skill      XL: |  1  2  3  4  5  6  7  8 |
---------------+-------------------------+-----
Shapeshifting  | 3 4 |  4.8
Unarmed Combat | 5 6 8 |  8.1
Dodging        | 3 4 5 |  5.4
Fighting       | 2 |  2.8
Stealth        | |  0.4
Evocations     | |  0.5

Action                     |  1- 3 |  4- 6 |  7- 9 || total
---------------------------+-------+-------+-------++-------
  Melee: Unarmed           |   100 |    74 |   122 ||   296
         Punch             |     3 |     3 |    12 ||    18
  Throw: Dart              |       |       |    13 ||    13
   Cast: Foxfire           |     1 |       |       ||     1
  Evoke: Wand              |       |     9 |    15 ||    24
    Use: Potion            |       |     1 |     2 ||     3
   Stab: Sleeping          |     1 |     1 |     1 ||     3
 Armour: Animal skin       |    39 |    47 |    82 ||   168
         Skin              |       |    10 |     5 ||    15
  Dodge: Dodged            |    66 |    57 |    75 ||   198
